 Dungeon Crawl Stone Soup version 0.29.1-4-g47bece8355 (webtiles) character file.

Game seed: 11316254419799991522

2 DoIIoM the Caller (level 1, -4/11 HPs)
             Began as an Octopode Summoner on Dec 2, 2022.
             Slain by a gnoll
             ... wielding a +0 whip
              (5 damage)
             ... on level 1 of the Dungeon.
             The game lasted 00:00:32 (89 turns).

DoIIoM the Caller (Octopode Summoner)                 Turns: 89, Time: 00:00:32

Health: -4/11      AC:  1    Str:  7    XL:     1   Next: 40%
Magic:  2/3        EV: 13    Int: 17    God:
Gold:   0          SH:  0    Dex: 12    Spells: 3/4 levels left

rFire   . . .      SeeInvis .   d - +0 short sword
rCold   . . .      Faith    .   (no shield)
rNeg    . . .      Spirit   .   (helmet restricted)
rPois   .          Reflect  .   (no amulet)
rElec   .          Harm     .   (no ring)
rCorr   .          Rampage  .   (no ring)
Will    .....                   (no ring)
Stlth   +++.......              (no ring)
HPRegen 0.03/turn               (no ring)
MPRegen 0.08/turn               (no ring)
                                (no ring)
                                (no ring)

@: no status effects
A: almost no armour, amphibious, 8 rings, camouflage 1, gelatinous body 1,
(nimble swimmer 1), tentacles
a: no special abilities


You were on level 1 of the Dungeon.
You visited 1 branch of the dungeon, and saw 1 of its levels.

Inventory:

Hand Weapons
 d - a +0 short sword (weapon)
Magical Staves
 e - a staff of earth
Potions
 a - 2 potions of magic
 b - a potion of curing {unknown}
 c - a potion of ambrosia {unknown}


   Skills:
 + Level 2.0 Dodging
 + Level 2.8 Stealth
 + Level 2.0 Spellcasting
 + Level 4.0 Summonings


You had 3 spell levels left.
You knew the following spells:

 Your Spells              Type           Power      Damage    Failure   Level
a - Summon Small Mammal   Summ           60%        N/A       3%          1

Your spell library contained the following spells:

 Spells                   Type           Power      Damage    Failure   Level
 Call Imp                 Summ           15%        N/A       5%          2
 Call Canine Familiar     Summ           15%        N/A       11%         3
 Summon Guardian Golem    Hex/Summ       8%         N/A       26%         3
 Summon Lightning Spire   Summ/Air       8%         N/A       63%         4


Dungeon Overview and Level Annotations

Branches:
Dungeon (1/15)

Altars:


Innate Abilities, Weirdness & Mutations

You cannot wear most types of armour.
You are amphibious.
You can wear up to eight rings at the same time.
Your skin changes colour to match your surroundings (Stealth+).
Your rubbery body absorbs attacks. (AC +1, EV +1)
((You are camouflaged when in or above water. (Stealth+)))
You have tentacles for arms and can constrict up to eight enemies at once.


Message History

Unknown command.
A frilled lizard comes into view.
A frilled lizard is nearby!
Casting: Summon Small Mammal (safe; 3% risk of failure)
Press: ? - help, Q - select action Dir - look around, f - activate
Casting: Summon Small Mammal (safe; 3% risk of failure)
Press: ? - help, Q - select action Dir - look around, f - activate A frilled lizard is nearby!
A frilled lizard is nearby!
A rat comes into view.
The frilled lizard hisses angrily.
You hear a shout!
Your quokka barely misses the frilled lizard.
The frilled lizard closely misses your quokka.
Your quokka misses the frilled lizard.
You swap places.
A gnoll comes into view. It is wielding a +0 whip.
Found a robe.
The frilled lizard closely misses you.
You closely miss the frilled lizard. Your grab misses the frilled lizard.
The frilled lizard bites you.
You hit the frilled lizard. You grab the frilled lizard.
The frilled lizard is heavily wounded.
You constrict the frilled lizard.
You kill the frilled lizard!
Something hits your quokka.
Your quokka dies!
Your quokka's corpse disappears in a puff of smoke!
You hit the rat but do no damage. Your grab misses the rat.
A frilled lizard comes into view.
The rat closely misses you.
Unknown command.
The frilled lizard hisses angrily.
You hit the rat.
You kill the rat!
Unknown command.
You barely miss the gnoll. You grab the gnoll. Your squeeze misses the gnoll.
You constrict the gnoll. The gnoll hits you with a +0 whip!
Ouch! That really hurt!
* * * LOW HITPOINT WARNING * * *
Your rat bites the gnoll.
The gnoll hits you with a +0 whip.
You die...

#.......⌠. ## #.
.# #.###.....
#.. ..
..#####.########
#.# #.
.##.............
.....
....######.#####
#.#[ .##.# #.#
.§§ ..#.# #.#
#g#.# .# #.#
#r@###.# #.#####
##..#..# #.....#
##...# #####.#
###.# #.#
#####.##### #.#
#.........# #.#
#.###.###.# #.#
#.# #.# #.#
#.###.##### #.#


You could see a gnoll (ally target) and a friendly rat (summoned).

Vanquished Creatures
  A frilled lizard (D:1)
  A kobold (D:1)
  2 rats (D:1)
4 creatures vanquished.

Notes
Turn   | Place    | Note
-------+----------+-------------------------------------------
     0 | D:1      | DoIIoM the Octopode Summoner began the quest for the Orb.
     0 | D:1      | Reached XP level 1. HP: 11/11 MP: 3/3
    89 | D:1      | Slain by a gnoll

Illustrated notes

Levels and vault maps discovered:
D:1:      dpeg_arrival_leaves_temple_mockup, layout_loops_ring, st_stairs_9

Action                   || total
-------------------------++-------
Melee: Short sword       ||     5
       Unarmed           ||     3
       Constrict         ||     3
       Tentacles         ||     2
       Punch             ||     1
 Cast: Summon Small Mamm ||     2
 Stab: Sleeping          ||     1
Dodge: Dodged            ||     3
